Map: Canyon of Tribulation

Players

Throwfordays - Winner!

  • Race: Zerg Zerg
  • League: Silver
  • Spawn Location: 3:00

Cthulhu - Winner!

  • Race: Protoss Protoss
  • Spawn Location: 12:00

Faust - Winner!

  • Race: Zerg Zerg
  • League: Diamond
  • Spawn Location: 12:00

koooter

  • Race: Protoss Protoss
  • Spawn Location: 7:00

PASSWORD

  • Race: Zerg Zerg
  • Spawn Location: 6:00

ghosttemplar

  • Race: Protoss Protoss
  • League: Platinum
  • Spawn Location: 6:00

VOD

Have the link to the VOD?

Description

Time

  • Played on: March 22, 2019, 11:46 p.m.
  • Length: 14:56
Show
View Real Time Build Order
Export as new Build Order

Throwfordays Zerg - Winner!

Build Orders: Hatch First 

Get SALT Encoding   

  12  0:01  Drone  
  13  0:08  Drone  
  14  0:39  Hatchery, Drone  
  14  0:46  Overlord  
  14  1:02  Spawning Pool  
  13  1:07  Drone  
  14  1:12  Drone  
  14  1:15  Drone  
  16  1:19  Extractor  
  16  1:20  Drone  
  16  1:30  Drone  
  17  1:41  Drone  
  18  1:49  Queen  
  18  1:51  Queen  
  18  1:54  Drone  
  23  1:58  Drone  
  24  2:04  Overlord  
  24  2:07  Drone  
  25  2:13  Zergling x2  
  26  2:17  Drone  
  27  2:23  Overlord  
  27  2:35  Drone x2  
  29  2:38  Overlord  
  29  2:44  Zergling x2  
  29  2:49  Zergling x2  
  29  2:50  Metabolic Boost  
  31  2:59  Zergling x2  
  31  3:02  Zergling x4  
  31  3:04  Drone  
  35  3:08  Drone  
  35  3:09  Drone x3  
  38  3:37  Hatchery  
  34  3:41  Zergling x2  
  34  3:42  Zergling x4  
  34  3:46  Zergling x12  
  43  4:07  Drone  
  43  4:08  Drone  
  45  4:10  Drone x2  
  47  4:21  Drone  
  47  4:22  Drone x3  
  51  4:29  Baneling Nest  
  50  4:33  Roach Warren  
  49  4:39  Extractor, Drone  
  49  4:41  Drone x2  
  46  4:48  Queen  
  46  4:49  Drone  
  46  4:52  Overlord  
  46  4:58  Zergling x4  
  46  5:07  Drone x4  
  46  5:08  Drone  
  46  5:11  Extractor  
  46  5:12  Extractor  
  48  5:15  Lair  
  48  5:21  Roach x2  
  48  5:22  Roach  
  48  5:23  Drone  
  48  5:24  Drone x2  
  57  5:30  Drone  
  57  5:31  Drone x2  
  60  5:36  Drone x3  
  63  5:43  Drone  
  63  5:47  Evolution Chamber  
  63  5:49  Evolution Chamber  
  62  5:53  Drone x2  
  64  5:59  Evolution Chamber  
  64  6:00  Drone x2  
  64  6:03  Overlord x2  
  65  6:13  Overlord  
  65  6:19  Hydralisk Den  
  65  6:24  Infestation Pit  
  63  6:27  Roach  
  63  6:30  Glial Reconstitution  
  63  6:31  Centrifical Hooks  
  65  6:35  Roach  
  65  6:37  Zerg Melee Weapons Level 1  
  65  6:38  Zerg Missile Weapons Level 1  
  67  6:40  Drone x3  
  67  6:41  Drone x3  
  73  6:47  Drone  
  73  6:50  Zergling x8  
  73  6:51  Zergling x2  
  75  7:04  Roach  
  75  7:06  Overseer  
  75  7:07  Overseer  
  75  7:25  Hatchery  
  74  7:30  Hatchery  
  74  7:31  Extractor  
  74  7:35  Extractor  
  71  7:44  Roach x5  
  79  7:47  Baneling x8  
  79  7:48  Baneling x2, Tunneling Claws  
  81  7:52  Zerg Ground Armor Level 1  
  81  7:55  Drone  
  82  8:00  Overlord x3  
  82  8:04  Overlord x2  
  78  8:37  Roach  
  78  8:38  Roach x2  
  76  8:52  Drone x2  
  78  8:56  Drone x2  
  80  9:09  Queen  
  80  9:11  Drone x2  
  80  9:13  Queen  
  80  9:14  Drone  
  80  9:15  Drone  
  88  9:25  Roach x3  
  88  9:27  Zerg Melee Weapons Level 2, Zerg Missile Weapons Level 2  
  94  9:35  Roach x3  
  94  9:36  Roach x4  
  108  9:42  Hive  
  108  9:44  Roach  
  108  9:45  Roach x2  
  114  9:54  Roach x4  
  114  9:57  Roach x3  
  128  10:00  Drone x3  
  120  10:45  Roach x5  
  120  10:48  Roach x2  
  120  10:49  Roach x2  
  114  10:54  Drone x5  
  109  10:59  Overlord x2  
  109  11:00  Zerg Ground Armor Level 2  
  109  11:03  Adrenal Glands  
  109  11:13  Extractor  
  109  11:15  Extractor  
  109  11:17  Roach x2  
  111  11:20  Roach x3  
  111  11:23  Roach x2  
  121  11:30  Roach x4  
  121  11:31  Roach x2  
  133  11:34  Ravager x8  
  133  11:35  Ravager x2  
  133  11:38  Overlord  
  143  11:43  Overlord x3  
  143  11:51  Drone x3  
  143  11:53  Drone  
  147  11:56  Drone x3  
  147  11:57  Drone  
  151  12:02  Roach x5  
  151  12:06  Zerg Missile Weapons Level 3  
  151  12:07  Zerg Melee Weapons Level 3  
  161  12:12  Ultralisk Cavern  
  134  14:00  Ultralisk x3  
  134  14:01  Ultralisk x2  
  164  14:05  Overlord x2  
  164  14:06  Overlord x2  
  164  14:09  Ultralisk  
  170  14:11  Ultralisk x2  
Show
View Real Time Build Order
Export as new Build Order

Cthulhu Protoss - Winner!

Build Orders:  

Get SALT Encoding   

  1  0:00  Probe  
  12  0:06  Probe  
  14  0:15  Probe  
  15  0:27  Pylon  
  15  0:44  Assimilator  
  15  0:45  Probe  
  15  0:46  Gateway  
  16  0:55  Assimilator  
  16  0:57  Probe  
  17  1:05  Probe  
  18  1:14  Probe  
  19  1:28  Pylon  
  19  1:39  Cybernetics Core  
  19  1:47  Pylon  
  19  1:48  Forge  
  19  1:53  Probe  
  20  2:05  Probe  
  21  2:16  Probe  
  21  2:17  Stargate  
  21  2:21  Stargate  
  22  2:24  Probe  
  23  2:56  Nexus  
  23  3:00  Void Ray  
  27  3:39  Nexus  
  27  3:52  Protoss Air Weapons Level 1  
  27  3:58  Probe  
  28  4:04  Probe  
  29  4:12  Probe  
  29  4:13  Probe  
  31  4:18  Assimilator  
  31  4:19  Assimilator  
  31  4:25  Probe  
  31  4:27  Probe  
  33  4:32  Void Ray  
  33  4:37  Probe  
  38  4:41  Probe  
  39  4:49  Probe  
  40  4:54  Void Ray  
  40  4:57  Probe  
  40  4:59  Probe  
  46  5:01  Probe  
  47  5:09  Probe x2  
  47  5:11  Probe  
  50  5:18  Void Ray  
  54  5:26  Pylon  
  54  5:29  Probe x2  
  54  5:30  Probe  
  57  5:37  Void Ray  
  57  5:41  Probe  
  57  5:42  Probe  
  63  5:43  Probe  
  64  5:54  Stargate  
  64  5:55  Probe  
  64  5:56  Protoss Air Armor Level 1, Void Ray  
  65  5:58  Probe x2  
  67  6:11  Probe  
  72  6:25  Probe x2  
  74  6:32  Pylon  
  74  6:34  Fleet Beacon  
  74  6:36  Protoss Shields Level 1  
  74  6:38  Pylon  
  74  6:40  Pylon  
  74  6:48  Robotics Facility  
  74  6:54  Assimilator  
  74  6:56  Probe x2  
  74  6:57  Assimilator, Void Ray, Probe  
  81  7:11  Void Ray  
  81  7:18  Nexus  
  81  7:21  Assimilator  
  85  7:25  Assimilator  
  85  7:28  Void Ray  
  85  7:29  Observer  
  90  7:42  Void Ray  
  94  7:48  Probe  
  94  7:49  Probe x2  
  97  8:06  Probe x3  
  97  8:07  Protoss Air Weapons Level 2  
  97  8:10  Observer  
  101  8:14  Pylon  
  101  8:15  Pylon  
  101  8:17  Pylon  
  101  8:29  Void Ray, Probe x3  
  101  8:30  Probe  
  101  8:31  Observer  
  101  8:32  Void Ray  
  101  8:33  Void Ray  
  118  9:12  Void Ray  
  118  9:15  Void Ray  
  126  10:13  Void Ray x3  
  114  10:56  Void Ray  
  114  10:57  Void Ray x2  
  122  11:39  Void Ray x2  
  126  11:40  Void Ray  
  134  12:22  Void Ray x2  
  138  12:47  Void Ray  
  138  13:56  Pylon x2  
  138  13:58  Pylon  
  138  14:00  Pylon  
  138  14:02  Pylon  
  138  14:04  Pylon  
Show
View Real Time Build Order
Export as new Build Order

Faust Zerg - Winner!

Build Orders: Hatch First 

Get SALT Encoding   

  12  0:05  Drone  
  13  0:11  Drone  
  13  0:13  Extractor  
  13  0:16  Drone  
  15  0:24  Overlord  
  16  0:42  Drone  
  16  0:43  Drone  
  17  0:57  Hatchery  
  17  0:59  Drone  
  17  1:03  Extractor  
  16  1:05  Drone  
  17  1:19  Spawning Pool  
  17  1:23  Drone  
  17  1:33  Overlord  
  17  1:50  Drone x2  
  19  2:06  Queen, Metabolic Boost  
  21  2:08  Queen  
  21  2:12  Zergling x2  
  21  2:15  Zergling x2  
  25  2:19  Zergling x2  
  26  2:23  Drone  
  27  2:32  Drone x2  
  27  2:34  Drone  
  30  2:48  Drone  
  30  2:49  Drone, Overlord  
  32  2:59  Drone x2  
  34  3:10  Drone x2  
  36  3:14  Drone  
  37  3:25  Hatchery, Overlord  
  35  3:33  Zergling x10  
  38  3:45  Baneling Nest  
  38  3:46  Zergling x2  
  38  3:47  Zergling x4  
  40  3:49  Zergling x2  
  41  3:56  Overlord x2  
  41  4:01  Lair  
  41  4:06  Drone  
  41  4:07  Drone x2  
  44  4:14  Evolution Chamber  
  43  4:19  Drone x4  
  47  4:35  Drone  
  47  4:36  Drone x6  
  49  5:05  Zergling x12  
  49  5:06  Zergling x2  
  56  5:07  Zerg Melee Weapons Level 1  
  56  5:08  Hydralisk Den  
  56  5:11  Queen  
  56  5:12  Evolution Chamber  
  56  5:13  Drone x6  
  62  5:16  Overlord  
  62  5:18  Overlord  
  62  5:31  Drone x3  
  62  5:32  Drone  
  62  5:33  Extractor  
  62  5:34  Drone x2  
  62  5:35  Overlord  
  67  5:37  Extractor  
  67  5:38  Extractor  
  65  5:43  Drone x3  
  65  5:44  Drone x3  
  71  5:55  Extractor  
  71  5:56  Drone x3  
  73  5:58  Extractor  
  72  6:05  Drone x2  
  72  6:06  Drone  
  72  6:07  Drone x2, Overlord  
  77  6:11  Muscular Augments  
  77  6:14  Overseer  
  77  6:18  Zerg Missile Weapons Level 1  
  77  6:20  Drone  
  77  6:21  Drone x2, Overlord x2  
  77  6:22  Overlord  
  80  6:34  Drone  
  80  6:37  Spore Crawler  
  80  6:39  Spore Crawler  
  80  6:40  Drone x3  
  80  6:46  Spore Crawler  
  81  6:51  Spore Crawler  
  81  6:53  Hydralisk x8  
  88  6:55  Spore Crawler  
  88  7:00  Pneumatized Carapace  
  95  7:01  Burrow  
  95  7:23  Grooved Spines  
  95  7:24  Overseer  
  95  7:25  Hydralisk x3  
  95  7:26  Hydralisk x4  
  109  7:36  Drone x2  
  109  7:37  Drone x2  
  113  7:38  Overlord x3  
  113  7:40  Zerg Melee Weapons Level 2, Hydralisk  
  115  7:47  Infestation Pit  
  115  7:48  Drone  
  115  7:49  Drone  
  116  7:54  Hydralisk x2  
  120  8:06  Hydralisk  
  120  8:07  Hydralisk x4  
  130  8:19  Zerg Missile Weapons Level 2  
  129  9:01  Drone  
  129  9:02  Drone x10  
  140  9:23  Drone x4  
  144  9:44  Extractor x2, Hatchery  
  119  10:07  Hydralisk x6  
  89  10:08  Hydralisk x5  
  89  10:09  Hydralisk  
  89  10:10  Drone x3  
  89  10:11  Drone x3  
  119  10:53  Hive  
  115  11:01  Queen  
  117  11:04  Spore Crawler  
  117  11:10  Hydralisk x13  
  117  11:11  Hydralisk x5  
  152  11:24  Hatchery  
  151  11:27  Lurker Den, Hatchery  
  151  11:29  Centrifical Hooks  
  151  11:32  Roach Warren, Hydralisk  
  148  11:33  Hydralisk x5  
  160  11:48  Hatchery  
  160  11:50  Extractor  
  160  11:51  Drone x2  
  160  11:52  Overlord x2  
  160  11:53  Overlord x4  
  160  11:55  Extractor  
  151  13:03  Hydralisk x6  
  151  13:04  Hydralisk x18  
  200  13:34  Lurker  
Show
View Real Time Build Order
Export as new Build Order

koooter Protoss 

Build Orders: Cannon Rush 

Get SALT Encoding   

  12  0:00  Probe  
  13  0:08  Probe  
  14  0:21  Pylon  
  14  0:32  Pylon  
  14  0:37  Probe  
  15  0:52  Forge  
  15  0:59  Gateway  
  15  1:04  Pylon  
  15  1:12  Assimilator  
  15  1:17  Probe  
  16  1:40  Photon Cannon  
  16  1:41  Photon Cannon  
  16  1:53  Photon Cannon  
  16  1:56  Photon Cannon  
  16  2:01  Zealot  
  18  2:02  Probe  
  19  2:10  Probe  
  20  2:20  Probe  
  21  2:22  Assimilator  
  21  2:31  Probe  
  22  2:39  Probe  
  22  2:44  Zealot  
  25  2:50  Probe  
  25  2:56  Cybernetics Core  
  26  3:03  Gateway  
  26  3:06  Pylon  
  26  3:11  Pylon  
  26  3:18  Zealot  
  28  3:37  Stalker  
  30  3:51  Warp Gate  
  30  3:52  Nexus  
  30  4:22  Stargate  
  30  4:26  Stargate  
  30  4:32  Twilight Council  
  30  4:37  Gateway  
  30  5:06  Charge  
  30  5:10  Zealot  
  30  5:11  Stalker  
  34  5:35  Void Ray  
  34  5:37  Void Ray  
  42  5:43  Probe  
  43  5:51  Probe  
  43  5:55  Probe  
  44  6:00  Probe  
  46  6:06  Zealot  
  46  6:07  Zealot  
  50  6:12  Probe  
  51  6:20  Probe  
  52  6:26  Stalker  
  52  6:29  Probe  
  52  6:30  Zealot  
  57  6:33  Zealot  
  59  7:04  Probe  
  59  7:05  Probe  
  61  7:11  Zealot  
  61  7:12  Zealot  
  61  7:13  Zealot  
  67  7:16  Probe  
  67  7:17  Probe  
  69  7:27  Pylon  
  69  7:28  Probe  
  70  7:35  Pylon  
  70  7:44  Probe  
  71  7:52  Probe  
  71  7:58  Pylon  
  72  8:00  Pylon, Probe  
  73  8:11  Void Ray  
  73  8:12  Probe  
  78  8:14  Void Ray  
  82  8:22  Stalker  
  82  8:24  Probe  
  85  8:31  Probe  
  86  8:37  Assimilator  
  86  8:42  Assimilator  
  86  8:43  Probe  
  86  8:45  Pylon  
  87  8:49  Pylon  
  87  8:59  Zealot  
  87  9:01  Stalker x2  
  93  9:07  Probe  
  93  9:15  Probe  
  95  9:29  Forge  
  89  9:47  Zealot  
  89  9:49  Zealot  
  89  9:50  Stalker  
  89  9:51  Protoss Ground Weapons Level 1  
  59  10:28  Stalker  
  59  10:30  Stalker  
  63  10:38  Stalker  
  49  10:56  Stalker  
  49  11:03  Stalker  
  45  11:04  Void Ray, Stalker  
  45  11:05  Void Ray  
  45  11:09  Protoss Ground Armor Level 1  
  51  11:19  Photon Cannon  
  51  11:23  Photon Cannon  
  51  11:30  Stargate  
  51  11:43  Void Ray  
  51  11:44  Stalker  
  51  11:45  Stalker  
  51  11:46  Stalker  
  55  11:59  Stalker  
  55  12:00  Stalker x2  
  61  12:29  Void Ray  
  55  12:31  Void Ray  
  55  12:48  Stalker x2  
  55  12:49  Stalker  
  61  12:56  Void Ray  
  65  13:01  Gateway  
  65  13:05  Gateway  
  65  13:16  Stalker  
  65  13:17  Stalker  
  65  13:18  Stalker  
Show
View Real Time Build Order
Export as new Build Order

PASSWORD Zerg 

Build Orders: Pool First, Swarm Host 

Get SALT Encoding   

  12  0:01  Drone  
  13  0:09  Drone  
  14  0:18  Extractor  
  14  0:19  Drone  
  15  0:26  Overlord  
  15  0:45  Drone  
  15  0:47  Drone  
  15  0:49  Extractor  
  16  0:51  Spawning Pool  
  16  0:53  Drone  
  16  1:03  Overlord  
  16  1:16  Drone  
  17  1:32  Drone  
  18  1:41  Zergling x2  
  18  1:42  Zergling x2  
  18  1:46  Hatchery  
  19  1:51  Zergling x2  
  20  1:59  Metabolic Boost  
  20  2:02  Zergling x2  
  20  2:08  Queen  
  21  2:13  Zergling x2  
  24  2:29  Overlord  
  24  2:37  Drone  
  24  2:44  Queen  
  27  2:51  Drone  
  27  2:54  Extractor  
  27  2:58  Drone  
  27  2:59  Lair  
  28  3:06  Drone  
  28  3:07  Zergling x2  
  30  3:17  Zergling x2  
  30  3:18  Drone x2  
  33  3:36  Zergling x2  
  33  3:40  Zergling x2  
  31  4:02  Zergling x6  
  32  4:03  Drone  
  32  4:05  Drone x3  
  36  4:16  Hydralisk Den  
  35  4:20  Overseer  
  35  4:45  Zergling x6  
  38  4:50  Zergling x4  
  38  4:55  Drone x3  
  40  5:11  Queen  
  42  5:16  Overlord x4  
  42  5:19  Drone  
  43  5:26  Extractor  
  43  5:27  Extractor  
  43  5:28  Drone x2  
  43  5:32  Hatchery  
  42  6:02  Drone x3  
  45  6:06  Hydralisk x3  
  45  6:07  Hydralisk x3  
  57  6:29  Drone x2  
  59  6:34  Evolution Chamber  
  59  6:36  Evolution Chamber  
  59  6:39  Drone x3  
  60  6:40  Infestation Pit  
  59  6:50  Drone x2  
  61  6:57  Queen, Drone x4  
  61  7:00  Drone  
  68  7:05  Zerg Missile Weapons Level 1  
  68  7:11  Zerg Ground Armor Level 1  
  68  7:35  Muscular Augments  
  68  7:36  Hydralisk  
  68  7:37  Hydralisk x3  
  68  7:38  Hydralisk  
  68  7:41  Drone x3  
  81  7:49  Overlord x2  
  81  8:21  Drone  
  81  8:22  Drone x2  
  81  8:25  Queen  
  81  8:26  Drone x4  
  81  8:27  Drone  
  91  8:28  Extractor  
  91  8:30  Extractor  
  91  8:33  Overlord  
  89  8:35  Overlord x2  
  89  8:38  Swarm Host x2  
  95  8:49  Baneling Nest  
  95  8:50  Overlord x2  
  95  8:53  Swarm Host x4  
  106  8:56  Swarm Host  
  106  9:00  Drone  
  110  9:09  Queen  
  110  9:13  Hydralisk  
  110  9:14  Hydralisk x2  
  118  9:18  Zerg Missile Weapons Level 2  
  118  9:48  Hydralisk x2  
  96  10:16  Hydralisk x4  
  96  10:17  Hydralisk x5  
  96  10:20  Overlord x4  
  95  10:56  Hydralisk x4  
  95  10:57  Swarm Host x2, Hydralisk  
  99  10:58  Swarm Host  
  114  11:08  Extractor  
  113  11:12  Zerg Ground Armor Level 2  
  113  11:16  Hatchery  
  112  11:19  Grooved Spines  
  101  12:34  Hydralisk x8  
  101  12:35  Swarm Host x5  
Show
View Real Time Build Order
Export as new Build Order

ghosttemplar Protoss 

Build Orders: Zealot Archon 

Get SALT Encoding   

  12  0:01  Probe  
  13  0:13  Probe  
  14  0:23  Pylon  
  14  0:27  Probe  
  15  0:41  Probe  
  15  0:42  Pylon  
  16  0:53  Probe  
  17  1:10  Forge  
  17  1:12  Gateway  
  17  1:39  Probe  
  17  1:45  Pylon  
  18  1:48  Probe  
  18  1:49  Assimilator  
  18  1:50  Assimilator  
  18  1:52  Photon Cannon  
  19  1:57  Probe  
  20  2:06  Gateway  
  20  2:09  Pylon  
  20  2:13  Probe  
  20  2:21  Probe  
  22  2:31  Cybernetics Core, Probe  
  23  2:48  Warp Gate  
  23  3:00  Nexus  
  23  3:13  Stalker  
  25  3:21  Photon Cannon  
  25  3:33  Photon Cannon  
  25  3:39  Stalker  
  27  3:47  Robotics Facility  
  27  4:09  Pylon, Stalker  
  29  4:16  Probe  
  29  4:19  Pylon  
  30  4:24  Probe  
  30  4:26  Probe  
  30  4:28  Twilight Council  
  32  4:34  Probe  
  33  5:02  Warp Prism  
  35  5:08  Probe x2  
  35  5:13  Assimilator  
  37  5:19  Charge, Dark Shrine  
  37  5:20  Probe x2  
  39  5:26  Pylon  
  39  5:29  Gateway  
  39  5:32  Probe x2  
  41  5:42  Probe  
  42  5:50  Probe  
  42  5:51  Gateway  
  42  5:55  Pylon  
  43  5:57  Gateway  
  43  6:07  Probe  
  43  6:08  Probe  
  45  6:13  Protoss Ground Weapons Level 1  
  45  6:17  Immortal  
  49  6:32  Probe x2  
  51  6:35  Dark Templar x3  
  57  6:44  Probe  
  58  6:52  Dark Templar  
  60  7:01  Probe x2  
  62  7:14  Probe  
  61  7:24  Immortal  
  61  7:27  Stalker  
  61  7:28  Stalker x2  
  61  7:29  Stalker x2  
  75  7:44  Assimilator  
  75  7:49  Nexus  
  75  7:51  Dark Templar  
  75  7:55  Archon x2  
  77  8:13  Stalker x3  
  77  8:14  Stalker  
  85  8:22  Protoss Ground Weapons Level 2  
  85  8:24  Probe  
  85  8:25  Probe  
  87  8:47  Probe x2  
  89  8:54  Zealot x2  
  93  8:59  Pylon  
  93  9:01  Pylon  
  83  9:04  Pylon  
  83  9:11  Pylon  
  83  9:13  Pylon  
  83  9:24  Forge  
  83  9:26  Gateway  
  83  9:28  Templar Archives  
  83  9:37  Stalker x2  
  87  9:38  Stalker  
  85  10:10  Stalker x3  
  85  10:11  Stalker x2  
  75  10:33  Stalker x3  
  75  10:34  Stalker x2  
  75  10:35  Stalker  
  63  11:04  Stalker x5  
  63  11:05  Stalker  
  45  11:33  Stalker x3  
  34  12:28  Dark Templar  
  36  12:31  Zealot x4  
Tags
 
Add a new tag
Caveats
  • Supply blocks, unpowered buildings, or Contaminate may cause inaccurate times.
  • Supply counts are checked every 10 seconds.